 Dungeon Crawl Stone Soup version 0.17-a0-1596-g1e86911 (webtiles) character file.

192746 Sinthome the Black Belt (level 17, -13/139 HPs)
             Began as a Demonspawn Monk on July 25, 2015.
             Was an Elder of Okawaru.
             Killed from afar by a shock serpent (16 damage)
             ... with a bolt of electricity
             ... on level 1 of the Snake Pit on July 30, 2015.
             The game lasted 01:52:01 (41627 turns).

Sinthome the Black Belt (Demonspawn Monk)          Turns: 41627, Time: 01:52:01

Health: -13/139    AC: 28    Str: 11    XL:     17   Next: 62%
Magic:  24/24      EV: 25    Int: 20    God:    Okawaru [****..]
Gold:   2284       SH:  0    Dex: 21    Spells: 0 memorised, 16 levels left

rFire  + . .     SeeInvis +       - Unarmed
rCold  . . .     Clarity  .     I - +3 swamp dragon armour
rNeg   . . .     SustAt   .     (no shield)
rPois  +         Gourm    .     y - +2 hat of Honour {rCorr Int+2}
rElec  .         Spirit   .     t - +1 cloak
rCorr  +         Warding  .     (no gloves)
rMut   .         Stasis   .     C - +0 pair of boots
MR     ++...                    (no amulet)
Stlth  ++++++++..               L - ring "Yriar" {rF+ Int+6 SInv}
                                q - ring of protection from magic

@: heroism, very resistant to hostile enchantments, extraordinarily stealthy
A: claws 2, rough black scales 2, nightstalker 2, spiny 2
a: Heroism, Renounce Religion
}: 1/15 runes: decaying


You were on level 1 of the Snake Pit.
You worshipped Okawaru.
Okawaru was greatly pleased with you.
You were not hungry.

You visited 6 branches of the dungeon, and saw 33 of its levels.
You also visited: Ossuary and Ice Cave.

You collected 3672 gold pieces.
You spent 1388 gold pieces at shops.

Inventory:

Armour
 t - a +1 cloak (worn)
 u - a +1 troll leather armour of cold resistance
 y - the +2 hat of Honour (worn) {rCorr Int+2}
   (You bought it in a shop on level 11 of the Dungeon)

   It affects your intelligence (+2).
   It protects you from acid and corrosion.
 C - a +0 pair of boots (worn)
 G - a +2 hat of magic resistance
 I - a +3 swamp dragon armour (worn)
 K - a +2 fire dragon armour
Jewellery
 l - an uncursed ring of poison resistance
 q - a ring of protection from magic (left claw)
 w - an uncursed amulet of stasis
 D - an uncursed ring of ice
 E - an uncursed ring of sustain attributes
 L - the ring "Yriar" (right claw) {rF+ Int+6 SInv}
   (You acquired it on level 2 of the Swamp)

   [ring of protection from fire]

   It affects your intelligence (+6).
   It protects you from fire.
   It lets you see invisible.
Magical devices
 a - a wand of heal wounds (8)
 n - a wand of hasting (6)
 H - a wand of digging (23)
Scrolls
 c - 8 scrolls of teleportation
 d - 10 scrolls of magic mapping
 e - 3 scrolls of blinking
 f - 8 scrolls of remove curse
 A - 2 scrolls of recharging
 B - 3 scrolls of identify
Potions
 h - 2 potions of resistance
 i - 4 potions of agility
 j - 2 potions of magic
 m - a potion of might
 o - 8 potions of curing
 s - 3 potions of heal wounds
 v - 4 potions of haste
 x - 5 potions of brilliance
 F - 2 potions of flight
Miscellaneous
 b - a phantom mirror
Comestibles
 g - 5 bread rations
 k - 6 meat rations


   Skills:
 - Level 14.0(19.0) Fighting
 - Level 12.1(17.1) Armour
 - Level 12.0(17.0) Dodging
 - Level 10.0(15.0) Stealth
 + Level 17.7(22.7) Unarmed Combat
 - Level 10.2 Invocations


You had 16 spell levels left.
You didn't know any spells.

Dungeon Overview and Level Annotations

Branches:
Dungeon (15/15)            Temple (1/1) D:7            Lair (8/8) D:9
  Swamp (4/4) Lair:4        Snake (1/4) Lair:4        Slime (0/6) Lair:7
    Orc (4/4) D:10            Elf (0/3) Orc:4        Vaults (0/5) D:13
 Depths (0/5) D:15

Altars:
Ashenzari
Cheibriados
Dithmenos
Elyvilon
Fedhas
Gozag
Kikubaaqudgha
Makhleb
Nemelex Xobeh
Okawaru
Qazlal
Ru
Sif Muna
Trog
Vehumet
Xom
Yredelemnul
Zin
The Shining One
Beogh

Shops:
D:6 *   D:11 [   Orc:4 ([%(


Innate Abilities, Weirdness & Mutations

You have very sharp fingernails.
You are mostly covered in rough black scales (AC +7, Dex -2).
You are significantly more attuned to the shadows.
You are mostly covered in sharp spines.


Message History

You scratch the shock serpent but do no damage.
The shock serpent is severely wounded.
Your surroundings suddenly seem different.
Found a battleaxe.
Found a scale mail.
You start resting.
You hear a distant blaring wail to the northwest.
A shock serpent appears from thin air!
The shock serpent hisses angrily.
You mangle the shock serpent!!
The shock serpent is heavily wounded.
The shock serpent's electric aura discharges!
The lightning shocks you.
* * * LOW HITPOINT WARNING * * *
You hear an angry hiss.
You hear a shout!
The shock serpent shoots out a bolt of lightning at you!
The bolt of electricity hits you!
* * * LOW HITPOINT WARNING * * *
The bolt of electricity hits you!
You die...

....# ..... ##..#
# #..##.. .......#
....... #........
NN.##.#. .......#
S(..#...##.##)..
###N........#..###
.... #...##.S@#
#.# #.....#.#
#....##......
...#####......# ..
......... .
#.#......[ ..
.....


You could see a shock serpent.

Vanquished Creatures
  Jorgrun (Swamp:3)
  Rupert (Lair:5)
  Gastronok (D:11)
  Frances (Snake:1)
  9 thorn hunters
  Donald (Swamp:3)
  An orc warlord (Orc:4)
  Nessos (D:14)
  A fire dragon (D:15)
  Josephine (D:10)
  Fannar (Lair:1)
  A yaktaur captain (D:15)
  5 catoblepae
  19 hydras
  A ghost crab (Swamp:4)
  2 dancing weapons (D:13)
  14 death yaks (Lair:8)
  8 alligators
  5 centaur warriors
  Urug (Orc:3)
  2 orc high priests (Orc:4)
  Nergalle (Lair:2)
  7 spriggans
  4 skeletal warriors (D:11)
  5 shambling mangroves
  An ice devil (IceCv)
  A necromancer (Lair:6)
  3 orc knights
  19 swamp dragons
  2 ice statues (IceCv)
  2 unseen horrors
  18 wizards
  3 griffons
  5 hill giants
  5 ugly things
  2 manticores
  3 hornets
  2 orc sorcerers (Orc:4)
  2 oklob plants (Swamp:3)
  4 cyclopes
  12 black mambas
  A gargoyle (D:14)
  Psyche (D:8)
  7 elephants (Lair:8)
  21 spiny frogs
  A yaktaur (D:15)
  An efreet (D:14)
  2 fire drakes
  6 komodo dragons
  6 trolls
  2 polar bears
  9 giant leeches
  A harpy zombie (D:15)
  9 blue devils (IceCv)
  13 blink frogs
  A boulder beetle (Lair:5)
  11 bog bodies
  A trapdoor spider zombie (D:8)
  19 slime creatures
  3 two-headed ogres
  A deep elf mage (D:14)
  A vampire (D:14)
  48 yaks
  3 shadows
  A wyvern (D:14)
  6 wraiths
  9 humans (Lair:5)
  A water elemental (D:15)
  3 hungry ghosts
  5 hippogriffs
  4 basilisks
  16 insubstantial wisps
  4 wargs
  16 porcupines
  19 swamp worms
  41 vampire mosquitoes
  A sky beast (D:9)
  A soldier ant (D:12)
  22 water moccasins
  25 wolves
  35 orc warriors
  5 ice beasts
  A phantom (D:8)
  16 swamp drakes
  14 centaurs
  2 eyes of draining
  A black bear (D:12)
  14 wasps
  11 ogres
  A necrophage (D:11)
  12 crocodiles
  15 big kobolds
  A brain worm (D:14)
  5 elf zombies (Ossuary)
  22 giant frogs
  A water moccasin zombie (D:8)
  A wyvern skeleton (D:13)
  5 scorpions
  9 killer bees
  6 centaur zombies
  4 crimson imps
  A quasit (D:9)
  12 electric eels
  A wasp zombie (D:13)
  A giant frog skeleton (D:12)
  2 human zombies (Ossuary)
  5 iguanas
  Crazy Yiuf (D:5)
  Ijyb (D:3)
  7 hounds
  9 jellies
  28 orc priests
  3 centaur skeletons
  10 worker ants
  A yak simulacrum (Lair:6)
  A killer bee zombie (D:5)
  44 orc wizards
  4 polar bear simulacra (Lair:6)
  9 sheep
  4 wolf simulacra (Lair:6)
  3 mummies (Ossuary)
  2 hound skeletons (D:6)
  A gnoll (D:1)
  13 adders
  64 river rats
  17 white imps
  3 shadow imps
  7 ufetubi (IceCv)
  4 oozes
  An adder zombie (D:6)
  An adder skeleton (D:6)
  2 worms (D:2)
  6 giant geckos
  155 orcs
  2 bat skeletons
  2 bat zombies
  13 giant cockroaches
  29 hobgoblins
  8 jackals
  53 kobolds
  6 quokkas
  2 ball pythons
  11 bats
  A giant gecko skeleton (D:4)
  2 giant newts
  19 goblins
  A jackal skeleton (D:6)
  15 rats
  A rat zombie (D:8)
  2 river rat simulacra (Lair:6)
  6 briar patches
  4 fungi
1301 creatures vanquished.

Vanquished Creatures (others)
  A swamp dragon (Swamp:4)
  2 blink frogs (Swamp:4)
  2 insubstantial wisps (Swamp:1)
  A wasp (Swamp:4)
  A giant frog zombie (D:9)
  2 white imps (IceCv)
  3 ufetubi (IceCv)
  A kobold (D:12)
  28 fungi
  16 plants
57 creatures vanquished.

Grand Total: 1358 creatures vanquished

Notes
Turn   | Place    | Note
--------------------------------------------------------------
     0 | D:1      | Sinthome the Demonspawn Monk began the quest for the Orb.
     0 | D:1      | Reached XP level 1. HP: 18/18 MP: 1/1
   198 | D:1      | Reached skill level 4 in Unarmed Combat
   211 | D:1      | Gained mutation: You are partially covered in sharp spines. [demonic ancestry]
   211 | D:1      | Reached XP level 2. HP: 16/24 MP: 2/2
   797 | D:1      | Reached XP level 3. HP: 25/29 MP: 3/3
  1401 | D:2      | Reached skill level 5 in Unarmed Combat
  1695 | D:2      | Gained mutation: You have sharp fingernails. [demonic ancestry]
  1695 | D:2      | Reached XP level 4. HP: 35/35 MP: 4/4
  1746 | D:2      | Found a faded altar to an unknown god.
  1986 | D:3      | Noticed Ijyb
  2010 | D:3      | Killed Ijyb
  2514 | D:3      | Gained mutation: You are slightly more attuned to the shadows. [demonic ancestry]
  2514 | D:3      | Reached XP level 5. HP: 28/41 MP: 5/5
  2714 | D:3      | Reached skill level 6 in Unarmed Combat
  3302 | D:4      | Noticed an ogre
  3311 | D:4      | Killed an ogre
  3311 | D:4      | Reached XP level 6. HP: 22/47 MP: 6/6
  3316 | D:4      | HP: 1/47 [worker ant (4)]
  3701 | D:4      | Reached skill level 7 in Unarmed Combat
  3865 | D:4      | Noticed an ogre
  3877 | D:4      | Killed an ogre
  4127 | D:5      | Entered Level 5 of the Dungeon
  4177 | D:5      | Reached XP level 7. HP: 23/52 MP: 7/7
  4338 | D:5      | Reached skill level 8 in Unarmed Combat
  4780 | D:5      | Found a snail-covered altar of Cheibriados.
  4780 | D:5      | Found a shimmering altar of Xom.
  4781 | D:5      | Found a blossoming altar of Fedhas.
  4879 | D:5      | Noticed Crazy Yiuf
  4887 | D:5      | Killed Crazy Yiuf
  4887 | D:5      | Reached skill level 9 in Unarmed Combat
  4996 | D:5      | Found a glowing golden altar of the Shining One.
  4999 | D:5      | Found a shattered altar of Ashenzari.
  5002 | D:5      | Found an opulent altar of Gozag.
  5280 | D:6      | Gained mutation: You have very sharp fingernails. [demonic ancestry]
  5280 | D:6      | Reached XP level 8. HP: 12/58 MP: 8/8
  5564 | D:6      | Found Ennary's Elemental Accessories.
  6270 | D:7      | Reached skill level 10 in Unarmed Combat
  6457 | D:7      | Found a staircase to the Ecumenical Temple.
  6519 | Temple   | Entered the Ecumenical Temple
  6579 | Temple   | Became a worshipper of Warmaster Okawaru
  6579 | Temple   | Acquired Okawaru's first power
  6947 | D:7      | Reached skill level 1 in Invocations
  6952 | D:7      | Reached skill level 5 in Fighting
  7331 | D:7      | Found a bloodstained altar of Trog.
  7582 | D:8      | Reached XP level 9. HP: 63/71 MP: 9/9
  7731 | D:8      | Noticed a hill giant
  7881 | D:8      | Killed a hill giant
  7977 | D:8      | Reached skill level 10 in Fighting
  7983 | D:8      | Noticed Psyche
  7990 | D:8      | Killed Psyche
  8038 | D:8      | Gained mutation: You are partially covered in rough black scales (AC +4, Dex -1). [demonic ancestry]
  8038 | D:8      | Reached XP level 10. HP: 67/85 MP: 10/10
  8080 | D:8      | Found a sand-covered staircase.
  8091 | Ossuary  | Entered an ossuary
  8249 | Ossuary  | Reached skill level 5 in Dodging
  8427 | D:8      | Acquired Okawaru's second power
  9129 | D:9      | Found a staircase to the Lair.
  9179 | D:9      | Noticed a cyclops
  9194 | D:9      | Noticed a cyan ugly thing
  9203 | D:9      | Killed a cyan ugly thing
  9220 | Lair:1   | Entered Level 1 of the Lair of Beasts
  9220 | Lair:1   | Noticed Fannar
  9524 | Lair:1   | Killed Fannar
  9560 | D:9      | Killed a cyclops
 10519 | Lair:1   | Reached XP level 11. HP: 86/90 MP: 11/11
 11168 | Lair:1   | Received a gift from Okawaru
 11644 | Lair:2   | Reached skill level 10 in Dodging
 12441 | Lair:2   | Reached skill level 11 in Dodging
 12812 | Lair:2   | Noticed Nergalle
 12823 | Lair:2   | Killed Nergalle
 13023 | Lair:2   | Received a gift from Okawaru
 13272 | Lair:3   | Reached skill level 5 in Stealth
 13532 | Lair:3   | Noticed a four-headed hydra
 13560 | Lair:3   | Killed a four-headed hydra
 14235 | Lair:3   | Reached XP level 12. HP: 95/97 MP: 12/12
 14335 | Lair:3   | Noticed a catoblepas
 14358 | Lair:3   | Killed a catoblepas
 14447 | Lair:3   | Received a gift from Okawaru
 14524 | Lair:3   | Reached skill level 12 in Unarmed Combat
 15056 | Lair:4   | Found a staircase to the Swamp.
 15200 | Lair:4   | Noticed a four-headed hydra
 15210 | Lair:4   | Killed a four-headed hydra
 15220 | Lair:4   | Received a gift from Okawaru
 15220 | Lair:4   | Reached skill level 13 in Unarmed Combat
 15422 | Lair:4   | Found a staircase to the Snake Pit.
 15438 | Lair:4   | Identified a scroll of acquirement
 15863 | Lair:5   | Identified Xoejag's Handbook of the Snowflakes and Changing
 16012 | Lair:5   | Reached skill level 14 in Unarmed Combat
 16475 | Lair:5   | Noticed Rupert
 16496 | Lair:5   | Killed Rupert
 16496 | Lair:5   | Gained mutation: You are significantly more attuned to the shadows. [demonic ancestry]
 16496 | Lair:5   | Reached XP level 13. HP: 49/106 MP: 11/13
 16838 | Lair:5   | Reached skill level 1 in Armour
 18035 | Lair:6   | Reached skill level 5 in Armour
 19088 | Lair:7   | Found a staircase to the Slime Pits.
 19617 | Lair:8   | Entered Level 8 of the Lair of Beasts
 19968 | Lair:8   | Found a frozen archway.
 19995 | IceCv    | Entered an ice cave
 21161 | Lair:8   | Received a gift from Okawaru
 21165 | Lair:8   | Reached XP level 14. HP: 104/113 MP: 14/14
 21302 | Lair:8   | Reached skill level 10 in Armour
 22320 | Lair:8   | Received a gift from Okawaru
 23098 | D:10     | Entered Level 10 of the Dungeon
 23114 | D:10     | Reached skill level 5 in Invocations
 23328 | D:10     | You fall through a shaft for 3 floors!
 23670 | D:10     | Found a staircase to the Orcish Mines.
 23776 | D:10     | Found a glowing golden altar of the Shining One.
 23928 | D:10     | Noticed Josephine
 23942 | D:10     | Killed Josephine
 24025 | D:10     | Received a gift from Okawaru
 24125 | Orc:1    | Entered Level 1 of the Orcish Mines
 24337 | Orc:1    | Found a deep blue altar of Sif Muna.
 24391 | Orc:1    | Identified Sif Muna's Reference Book on Companions
 24497 | Orc:1    | Found a roughly hewn altar of Beogh.
 25894 | Orc:3    | Noticed Urug
 25907 | Orc:3    | Killed Urug
 26506 | Orc:4    | Entered Level 4 of the Orcish Mines
 26586 | Orc:4    | Found a staircase to the Elven Halls.
 26635 | Orc:4    | Found a roughly hewn altar of Beogh.
 26765 | Orc:4    | Found a roughly hewn altar of Beogh.
 26798 | Orc:4    | Found a roughly hewn altar of Beogh.
 26815 | Orc:4    | Found Zaerem's Food Shoppe.
 26949 | Orc:4    | Found a roughly hewn altar of Beogh.
 26960 | Orc:4    | Found Zusala's Antique Weapon Boutique.
 27298 | Orc:4    | Noticed an orc warlord
 27332 | Orc:4    | Reached XP level 15. HP: 98/120 MP: 13/18
 27342 | Orc:4    | Killed an orc warlord
 27590 | Orc:4    | Found Zuratoqa's Antique Armour Boutique.
 27591 | Orc:4    | Found a roughly hewn altar of Beogh.
 27594 | Orc:4    | Found Okkaved's Antique Weapon Shop.
 27610 | Orc:4    | Bought a runed swamp dragon armour for 1050 gold pieces
 27736 | Orc:4    | Found a roughly hewn altar of Beogh.
 27815 | Orc:4    | Found a roughly hewn altar of Beogh.
 28140 | D:11     | Received a gift from Okawaru
 28402 | D:11     | Found Pyos's Armour Boutique.
 28417 | D:11     | Bought the +2 hat of Honour {rCorr Int+2} for 338 gold pieces
 28666 | D:11     | Noticed Gastronok
 28689 | D:11     | Killed Gastronok
 28689 | D:11     | Reached skill level 15 in Unarmed Combat
 29330 | D:12     | Found a basalt altar of Yredelemnul.
 29962 | D:13     | Found an iron altar of Okawaru.
 30502 | D:13     | Found a gate to the Vaults.
 30815 | D:14     | Noticed Nessos
 30825 | D:14     | Killed Nessos
 30919 | D:14     | Reached skill level 16 in Unarmed Combat
 31097 | D:14     | Received a gift from Okawaru
 31105 | D:14     | Got a smoking chain mail {god gift}
 31106 | D:14     | Identified the +6 chain mail of Lokuicya {rF+ rCorr} (Okawaru gifted it to you on level 14 of the Dungeon)
 32549 | D:15     | Entered Level 15 of the Dungeon
 32862 | D:15     | Gained mutation: You are mostly covered in sharp spines. [demonic ancestry]
 32862 | D:15     | Reached XP level 16. HP: 132/132 MP: 19/19
 33021 | D:15     | Found a staircase to the Depths.
 34126 | Swamp:1  | Entered Level 1 of the Swamp
 34235 | Swamp:1  | Upgraded the game from 0.17-a0-1572-g7a1422d to 0.17-a0-1596-g1e86911
 34693 | Swamp:1  | Received a gift from Okawaru
 36201 | Swamp:2  | Got a pitted wooden ring
 36202 | Swamp:2  | Identified the ring "Yriar" {rF+ Int+6 SInv} (You acquired it on level 2 of the Swamp)
 37088 | Swamp:3  | Received a gift from Okawaru
 37154 | Swamp:3  | Reached skill level 10 in Stealth
 37750 | Swamp:3  | Noticed Donald
 37763 | Swamp:3  | Killed Donald
 38098 | Swamp:3  | Noticed Jorgrun
 38117 | Swamp:3  | Killed Jorgrun
 38149 | Swamp:3  | Reached skill level 10 in Invocations
 38154 | Swamp:3  | Gained mutation: You are mostly covered in rough black scales (AC +7, Dex -2). [demonic ancestry]
 38154 | Swamp:3  | Reached XP level 17. HP: 61/139 MP: 22/24
 38568 | Swamp:4  | Entered Level 4 of the Swamp
 39491 | Swamp:3  | Received a gift from Okawaru
 39817 | Swamp:4  | Reached skill level 17 in Unarmed Combat
 40048 | Swamp:4  | Got a bound platinum ring
 40049 | Swamp:4  | Identified the ring "Iczulyub" {+/*Tele Str+2 Dex+3} (You found it on level 4 of the Swamp)
 41034 | Swamp:4  | Got a decaying rune of Zot
 41562 | Snake:1  | Entered Level 1 of the Snake Pit
 41583 | Snake:1  | Noticed Frances
 41596 | Snake:1  | Killed Frances
 41627 | Snake:1  | HP: 3/139 [shock serpent/bolt of electricity (25)]
 41627 | Snake:1  | Killed from afar by a shock serpent

Vault maps used:
D:1:      saegor_arrival_simple_d, serial_forest,
          infiniplex_forest_lined_room_2, infiniplex_forest_clump_large,
          infiniplex_forest_straight_1, infiniplex_forest_clump_curved,
          infiniplex_forest_corner_2
D:2:      ecumenical_altar_1
D:3:      minmay_three_crescents, uniq_iyjb
D:4:      first_bread
D:5:      gammafunk_temple_overflow_forgotten, grunt_temple_overflow_diamond,
          uniq_crazy_yiuf_cottage
D:6:      grunt_ministairs_3, serial_bayou_ford_a, nicolae_elemental_shop
D:7:      wad_pebble_path, bloody_trog, minmay_temple_entry_enclosed_plants
D:8:      enter_ossuary_3, special_room, grunt_pizzeria, uniq_psyche
D:9:      dpeg_oklobed_lair, hex_large
D:10:     david_orc_3, basic_altar, uniq_josephine
D:11:     serial_shops, nicolae_shop_crystal, uniq_gastronok
D:12:     basic_altar, amalloy_card_club
D:13:     erik_vaults_1, basic_altar, hangedman_abyss_or_decor_stabs
D:14:     minmay_tri_stars, infiniplex_staircase_pool, uniq_nessos
D:15:     grunt_enter_depths_snipers, minmay_misc_feat_more_columns
Temple:   oiseaux_autumnal_temple_12
Lair:1:   uniq_fannar
Lair:2:   serial_bayou_lake_a, grunt_megastairs_3, uniq_nergalle
Lair:3:   grunt_megastairs_5
Lair:4:   minmay_swamp_entry_worms, minmay_snake_entry_six_corridors,
          nicolae_quartered_pool_super
Lair:5:   erik_1, small_statue_intersection, uniq_rupert
Lair:6:   eino_house_with_fridge
Lair:7:   nicolae_slime_entry_slimehenge
Lair:8:   evilmike_catoblepas_cave, portal_ice_cave_entry_imps,
          serial_bayou_shore_b
Swamp:1:  evilmike_swamp_ruin_house_3, swamp_pool1
Swamp:2:  serial_swamp_ruin, evilmike_swamp_ruin_house_5,
          evilmike_swamp_ruin_house_2
Swamp:3:  nicolae_swamp_phyte_club, evilmike_swamp_ruin_house_6, uniq_jorgrun,
          uniq_donald
Swamp:4:  swamp_alternative
Snake:1:  uniq_frances
Orc:1:    basic_altar, led_sif_book
Orc:3:    nicolae_orc_pool_cavern, uniq_urug
Orc:4:    grunt_orc_community_town_hall, grunt_orc_community_big_house_1,
          grunt_orc_community_big_house_2, grunt_orc_community_house_3,
          grunt_orc_community_house_1, grunt_orc_community_house_1,
          grunt_orc_community_house_2, basic_altar
Ossuary:  ossuary_minmay_four_chambers
IceCv:    ice_cave_small_demon

Action                   |  1- 3 |  4- 6 |  7- 9 | 10-12 | 13-15 | 16-18 || total
-------------------------+-------+-------+-------+-------+-------+-------++-------
Melee: Unarmed           |    83 |   106 |   232 |   670 |  1653 |   883 ||  3627
 Fire: Blowgun           |       |     3 |     2 |       |       |       ||     5
Invok: Heroism           |       |       |     3 |    18 |    25 |    25 ||    71
       Finesse           |       |       |       |       |     1 |       ||     1
Evoke: Wand              |       |     1 |       |     1 |     9 |     3 ||    14
  Use: Scroll            |     1 |    10 |    11 |    12 |    13 |    13 ||    60
       Potion            |       |       |       |    10 |     1 |     5 ||    16
 Stab: Sleeping          |     1 |     7 |    11 |    18 |    72 |    22 ||   131
       Distracted        |       |     1 |       |     2 |     7 |     9 ||    19
  Eat: Chunk             |     2 |     5 |    11 |     8 |    26 |     4 ||    56
       Pizza             |       |     1 |     1 |     6 |     3 |       ||    11
       Beef jerky        |       |     1 |     1 |     1 |     1 |       ||     4
       Bread ration      |       |       |       |     1 |     5 |     5 ||    11
       Fruit             |       |       |       |     7 |     4 |     3 ||    14
       Royal jelly       |       |       |       |       |       |     1 ||     1
